 Dungeon Sprint DCSS version 0.31-a0-152-g6aa68a64a1 (webtiles) character file.

Game seed: 640369542568459681

749 Conn the Arsonist (level 7, -7/61 HPs)
             Began as an Octopode Fire Elementalist on June 11, 2023.
             Was an Initiate of Sif Muna.
             Mangled by a polar bear (17 damage)
             ... in the Dungeon (Sprint II: "The Violet Keep of Menkaure").
             The game lasted 00:06:31 (190 turns).

Conn the Arsonist (Octopode Fire Elementalist)       Turns: 190, Time: 00:06:32

Health: -7/61      AC: 23    Str:  7    XL:     7   Next: 77%
Magic:  0/19       EV:  2    Int: 19    God:    Sif Muna [......]
Gold:   17         SH:  0    Dex: 16    Spells: 13/23 levels left

rFire   . . .        d - +8 mace of Optimality {speed, rElec Will+ Dex+3}
rCold   . . .        (no shield)
rNeg    . . .        (helmet currently unavailable)
rPois   +            (no amulet)
rElec   +            (no ring)
rCorr   .            (no ring)
SInv    .            (no ring)
Will    +....        (no ring)
Stlth   +++          (no ring)
HPRegen 0.30/turn    (no ring)
MPRegen 0.16/turn    (no ring)
                     (no ring)

%: no teleportation
@: tree-form (expiring)
A: stationary, stasis, torment immunity, boosted hp, almost no armour,
(amphibious), 8 rings, (camouflage 1), (gelatinous body 1), (nimble swimmer 1),
(tentacles)
a: Renounce Religion


You were in the Dungeon.
You worshipped Sif Muna.
Sif Muna was noncommittal.
You were a tree.
You visited 1 branch You collected 243 gold pieces.
You spent 226 gold pieces at shops.

Inventory:

Hand Weapons
 d - the +8 mace of Optimality (weapon) {speed, rElec Will+ Dex+3}
   (You bought it in a shop in the Dungeon)

   Dex:       It affects your dexterity (+3).
   rElec:     It insulates you from electricity.
   Will:      It increases your willpower.
Wands
 g - a wand of mindburst (11)
Scrolls
 f - a scroll of blinking
Potions
 a - 2 potions of magic
 b - a potion of curing
 c - a potion of heal wounds
 e - a potion of lignification


   Skills:
 + Level 5.1 Dodging
 - Level 6.0 Stealth
 + Level 8.6 Spellcasting
 + Level 5.8 Conjurations
 + Level 11.0 Fire Magic
 * Level 2.9 Invocations


You had 13 spell levels left.
You knew the following spells:

 Your Spells              Type           Power      Damage    Failure   Level
a - Foxfire               Conj/Fire      100%       2x1d9     1%          1
b - Scorch                Fire           100%       2d9       1%          2
c - Inner Flame           Hex/Fire       29%        N/A       2%          3
d - Flame Wave            Conj/Fire      40%        2d11      2%          4

Your spell library contained the following spells:

 Spells                   Type           Power      Damage    Failure   Level
 Volatile Blastmotes      Fire/Tloc      58%        2d14      2%          3


Dungeon Overview and Level Annotations

Branches:
Dungeon (1/1)

Altars:
Cheibriados
Dithmenos
Elyvilon
Fedhas
Gozag
Hepliaklqana
Kikubaaqudgha
Makhleb
Nemelex Xobeh
Okawaru
Qazlal
Ru
Sif Muna
Trog
Uskayaw
Vehumet
Wu Jian
Xom
Yredelemnul
Zin
The Shining One
Jiyva
Lugonu

Shops:
D =[:(=[?!=:*!!(*

Annotations:
D exclusion: oklob plant, Menkaure, Roxanne


Innate Abilities, Weirdness & Mutations

You are a tree.
Your roots penetrate the ground, keeping you stationary.
You cannot be teleported.
You are immune to unholy pain and torment.
Your maximum health is greatly increased.
You cannot wear most types of armour.
((You are amphibious.))
You can wear up to eight rings at the same time.
((Your skin changes colour to match your surroundings (Stealth+).))
((Your rubbery body absorbs attacks. (AC +1, EV +1)))
((You are camouflaged when in or above water. (Stealth+)))
((You have tentacles for arms and can constrict up to eight enemies at once.))


Message History

A wave of flame ripples out!
The flame wave engulfs the hornet!
The hornet is severely wounded.
The flame wave engulfs the polar bear.
The polar bear is almost dead.
The flame wave engulfs the polar bear.
The polar bear is severely wounded.
The flame wave engulfs the polar bear.
The polar bear is lightly wounded.
You are engulfed in a cloud of scalding steam.
The polar bear is engulfed in a cloud of scalding steam.
You kill the polar bear!
Sif Muna accepts your kill.
The hornet is engulfed in a cloud of scalding steam.
The hornet stings you but does no damage.
The polar bear is engulfed in a cloud of scalding steam.
The polar bear goes berserk!
The polar bear is engulfed in a cloud of scalding steam.
Your Dodging skill increases to level 5!
Your Spellcasting skill increases to level 8!
Your Fire Magic skill increases to level 11!
Your Invocations skill gained 2 levels and is now at level 2!
Unknown command.
Without enough magic to sustain them, the waves of flame dissipate.
You are engulfed in a cloud of scalding steam.
The hornet stings you!
* * * LOW HITPOINT WARNING * * *
The polar bear is engulfed in a cloud of scalding steam.
The polar bear bites you but does no damage.
The polar bear claws you but does no damage.
The polar bear barely misses you. The polar bear bites you.
* * * LOW HITPOINT WARNING * * *
The polar bear claws you.
* * * LOW HITPOINT WARNING * * *
The polar bear claws you but does no damage.
The hornet stings you but does no damage.
The boulder beetle hits you but does no damage.
The boulder beetle stops rolling and uncurls.
The polar bear is engulfed in a cloud of scalding steam.
The polar bear bites you!
You die...

##.#### .### # #l ...#
...# .#. ###..## #..# #
))! #+###.##..# +.^#
c#▓?!$![ #.##..°#..# #..#
.#▓!)?$) .<.+# #'..###
^.##. ▓$$(!(
#.##$B.#....###..c##▓▓▓▓▓▓
#†# .##......§yhh§§~~~~~~
#.#####~~.....~#♣########'
.#..#~~~~~~~.§§#B._.....#~
.#.##~~~~~~~~.~#.○._....#§
#'##~~~≈§≈~§~§§#_.°._...#§
~~~~~~~~§≈§§~~~#._.°._..#§
+#+++#~≈≈§§≈≈≈~#_._._._.#M
~~.. ##≈≈≈###§≈#._._._._#~
§~~§~.##§≈# #§§#_._._._.#S
.8..~..+§≈# #≈§#..._._._#~


You could see a boulder beetle, 2 polar bears, a yaktaur and a hornet.

Vanquished Creatures
  A polar bear (D)
  A blink frog (D)
  2 water moccasins (D)
  4 scorpions (D)
8 creatures vanquished.

Vanquished Creatures (others)
  12 foxfires (D)
12 creatures vanquished.

Grand Total: 20 creatures vanquished

Notes
Turn   | Place    | Note
-------+----------+-------------------------------------------
     0 | D        | Conn the Octopode Fire Elementalist began the quest for the
                  | Orb.
     0 | D        | Reached XP level 1. HP: 11/11 MP: 3/3
     1 | D        | Noticed a neqoxec
     4 | D        | Noticed a wyvern
     4 | D        | Noticed a wyvern
     7 | D        | Noticed a boulder beetle
     7 | D        | Noticed a boulder beetle
    10 | D        | Noticed a scorpion
    10 | D        | Noticed a scorpion
    10 | D        | Noticed a scorpion
    10 | D        | Noticed a scorpion
    14 | D        | Killed a scorpion
    15 | D        | Reached skill level 5 in Fire Magic
    15 | D        | Reached XP level 2. HP: 17/17 MP: 4/7
    15 | D        | Reached XP level 3. HP: 21/21 MP: 4/8
    15 | D        | Reached XP level 4. HP: 27/27 MP: 5/10
    18 | D        | Killed a scorpion
    19 | D        | Reached skill level 6 in Fire Magic
    19 | D        | Reached XP level 5. HP: 31/31 MP: 6/12
    21 | D        | Reached skill level 5 in Spellcasting
    21 | D        | Reached skill level 7 in Fire Magic
    23 | D        | Reached skill level 5 in Stealth
    23 | D        | Reached skill level 8 in Fire Magic
    23 | D        | Reached XP level 6. HP: 36/36 MP: 6/15
    32 | D        | Learned a level 2 spell: Scorch
    36 | D        | Learned a level 3 spell: Inner Flame
    41 | D        | Learned a level 4 spell: Flame Wave
    53 | D        | Identified Roxanne's Opusculum on Geomancy
    53 | D        | Noticed Roxanne
    55 | D        | Noticed a water moccasin
    58 | D        | Found Poifuk's General Store.
    59 | D        | Found Lesuh Hoe's Jewellery Emporium.
    59 | D        | Found Tekh's Distillery.
    60 | D        | Found Ityobiy's General Store.
    60 | D        | Found Xamp's Book Shoppe.
    61 | D        | Found Xitwotuq's Magic Scroll Shoppe.
    61 | D        | Found Alleh's Distillery.
    61 | D        | Found Yraun's Antique Armour Emporium.
    61 | D        | Found Qoedgh's Distillery.
    62 | D        | Found Qosocs's Weapon Shoppe.
    64 | D        | Found Ymefuif's Jewellery Emporium.
    64 | D        | Found Xypti's Antique Weapon Shoppe.
    64 | D        | Noticed a water moccasin
    64 | D        | Noticed a redback
    64 | D        | Noticed a redback
    64 | D        | Noticed an oklob plant
    67 | D        | Killed a water moccasin
    68 | D        | Reached skill level 5 in Conjurations
    68 | D        | Reached skill level 9 in Fire Magic
    75 | D        | Found Zuaroadgh's Antique Armour Shoppe.
    75 | D        | Found Temajyut's Book Shoppe.
    75 | D        | Found Tiniym's Jewellery Emporium.
    77 | D        | Noticed a wyvern
    78 | D        | Noticed a wyvern
    79 | D        | Noticed a wyvern
   101 | D        | Bought a brightly glowing mace for 160 gold pieces
   101 | D        | Identified the +8 mace of Optimality {speed, rElec Will+
                  | Dex+3} (You bought it in a shop in the Dungeon)
   107 | D        | Bought 2 potions of lignification for 66 gold pieces
   115 | D        | Noticed a blink frog
   119 | D        | Killed a blink frog
   120 | D        | Reached skill level 10 in Fire Magic
   120 | D        | Reached XP level 7. HP: 41/41 MP: 12/18
   146 | D        | Found a stormy altar of Qazlal.
   146 | D        | Found an ornate altar of the Wu Jian Council.
   147 | D        | Found a hazy altar of Hepliaklqana.
   147 | D        | Found a sacrificial altar of Ru.
   148 | D        | Found a viscous altar of Jiyva.
   148 | D        | Found a shimmering blue altar of Sif Muna.
   149 | D        | Found a snail-covered altar of Cheibriados.
   149 | D        | Found an ancient bone altar of Kikubaaqudgha.
   149 | D        | Found a shimmering altar of Xom.
   149 | D        | Found a bloodstained altar of Trog.
   150 | D        | Found a shadowy altar of Dithmenos.
   150 | D        | Found a corrupted altar of Lugonu.
   150 | D        | Found a glowing golden altar of the Shining One.
   150 | D        | Found a basalt altar of Yredelemnul.
   150 | D        | Found a hide-covered altar of Uskayaw.
   151 | D        | Found a white marble altar of Elyvilon.
   151 | D        | Found a burning altar of Makhleb.
   152 | D        | Found a blossoming altar of Fedhas.
   154 | D        | Found an opulent altar of Gozag.
   154 | D        | Found a sparkling altar of Nemelex Xobeh.
   155 | D        | Found a glowing silver altar of Zin.
   155 | D        | Found a radiant altar of Vehumet.
   155 | D        | Found an iron altar of Okawaru.
   159 | D        | Noticed Menkaure
   160 | D        | Became a worshipper of Sif Muna the Loreminder
   183 | D        | Noticed a polar bear
   183 | D        | Noticed a hornet
   183 | D        | Noticed a polar bear
   187 | D        | Noticed a polar bear
   187 | D        | Noticed a yaktaur
   189 | D        | Killed a polar bear
   190 | D        | Reached skill level 5 in Dodging
   190 | D        | Reached skill level 11 in Fire Magic
   190 | D        | Mangled by a polar bear

Illustrated notes

Levels and vault maps discovered:
D:        the_violet_keep_of_menkaure [sprint2_stairs_cluster_1,
          sprint2_shoproom, sprint2_temple, sprint2_basic_supplies,
          sprint2_obstacle_6, sprint2_obstacle_3, sprint2_obstacle_1,
          sprint2_obstacle_2, sprint2_obstacle_5, sprint2_timed_cluster_1,
          sprint2_smallroom_cluster_1, sprint2_smallroom_final_cluster_1,
          sprint2_transparent_cluster_1, sprint2_second_timed_cluster_1,
          sprint2_sniper_area_1, sprint2_heavy_combat_area_1,
          sprint2_mutation_trap_area_1, sprint2_forest_area_1,
          sprint2_light_combat_area_1, sprint2_behind_water_1,
          sprint2_near_end_vault_1]

Skill      XL: |  1  2  3  4  5  6  7 |
---------------+----------------------+-----
Dodging        | 3 4 5 |  5.1
Stealth        | 3 4 5 6 |  6.0
Spellcasting   | 4 6 7 8 |  8.6
Conjurations   | 3 4 5 |  5.8
Fire Magic     | 5 6 8 10 11 | 11.0
Invocations    | 2 |  2.9

Action                     |  1- 3 |  4- 6 |  7- 9 || total
---------------------------+-------+-------+-------++-------
  Melee: Unarmed           |     2 |     8 |       ||    10
         Constrict         |     1 |     3 |       ||     4
         Tentacles         |     1 |     2 |       ||     3
   Cast: Scorch            |       |     3 |     5 ||     8
         Foxfire           |       |     2 |     7 ||     9
         Flame Wave        |       |       |     4 ||     4
    Use: Potion            |     2 |       |     2 ||     4
 Armour: Skin              |       |       |    29 ||    29
  Dodge: Dodged            |     2 |     4 |     3 ||     9

Table legend: (Time is in decaauts)
 A = Elapsed time spent in this place.
 B = Non-inter-level travel time spent in this place.
 C = Inter-level travel time spent in this place.
 D = Time resting spent in this place.
 E = Time spent auto-exploring this place.
 F = Levels seen in this place.
 G = Mean time per level.
                   A        B        C        D        E       F      G
               +--------+--------+--------+--------+--------+-----+--------+
         Total |    179 |    179 |      0 |      0 |      0 |   1 |  179.0 |
       Dungeon |    179 |    179 |      0 |      0 |      0 |   1 |  179.0 |
               +--------+--------+--------+--------+--------+-----+--------+

Top non-repeatable levels by time:
       D: 179 daAuts
